 Dungeon Crawl Stone Soup version 0.25-a0-578-gc91f01c (webtiles) character file.

Game seed: 12997603847320919454, levelgen mode: deterministic

77676 Faca the Brawler (level 15, -2/159 HPs)
             Began as a Troll Fighter on Mar 7, 2020.
             Was the Champion of Okawaru.
             Slain by an ettin
             ... wielding a +0 great mace
              (34 damage)
             ... on level 14 of the Dungeon.
             The game lasted 01:04:11 (24247 turns).

Faca the Brawler (Troll Fighter)                   Turns: 24247, Time: 01:04:11

Health: -2/159     AC:  7    Str: 35    XL:     15   Next: 16%
Magic:  21/21      EV: 10    Int:  4    God:    Okawaru [******]
Gold:   1831       SH: 18    Dex:  9    Spells: 14/14 levels left

rFire    + + .     SeeInvis .     - Unarmed
rCold    + + .     Gourm    +   b - +1 kite shield
rNeg     + . .     Faith    .   w - +0 robe {rC+ rF+}
rPois    +         Spirit   .   R - -2 hat of the Alchemist {rElec rPois rF+ rC+ rN+ MR+ rMut rCorr}
rElec    +         Reflect  +   q - +2 cloak
rCorr    +         Harm     .   (gloves unavailable)
rMut     +                      (boots unavailable)
MR       ++...                  F - +6 amulet of reflection
Stlth    +.........             I - +1 ring of evasion
HPRegen  0.76/turn              S - +2 ring of strength
MPRegen  0.17/turn

@: no status effects
A: large, unfitting armour, claws 3, fast metabolism 3, gourmand, regeneration
1, shaggy fur 1, tough skin 3
a: Heroism, Finesse, Renounce Religion


You were on level 14 of the Dungeon.
You worshipped Okawaru.
Okawaru was exalted by your worship.
You were completely stuffed.

You visited 4 branches of the dungeon, and saw 23 of its levels.
You also visited: Sewer.

You collected 2419 gold pieces.
You spent 588 gold pieces at shops.

Inventory:

Missiles
 g - 513 stones
 y - 17 boomerangs (quivered)
 H - 3 throwing nets
 J - 2 silver boomerangs
 L - 18 large rocks
Armour
 b - a +1 kite shield (worn)
 p - a scarf of repulsion
 q - a +2 cloak (worn)
 w - a +0 robe of resistance (worn)
 C - a +0 tower shield
 R - the -2 hat of the Alchemist (worn) {rElec rPois rF+ rC+ rN+ MR+ rMut rCorr}
   (You acquired it on level 3 of the Lair of Beasts)

   It protects you from fire.
   It protects you from cold.
   It insulates you from electricity.
   It protects you from poison.
   It protects you from negative energy.
   It affects your resistance to hostile enchantments.
   It provides partial protection from all sources of acid and corrosion.
   It protects you from mutation.
   If you remove this armour, your AC will increase by 2 (7 -> 9).
Jewellery
 a - an uncursed ring of see invisible
 F - a +6 amulet of reflection (around neck)
 I - a +1 ring of evasion (left claw)
 M - an uncursed amulet of regeneration
 O - an uncursed amulet of the gourmand {unknown}
 S - a +2 ring of strength (right claw)
Wands
 h - a wand of digging (13)
 m - a wand of acid (29)
 n - a wand of iceblast (31)
 x - a wand of disintegration (38)
 E - a wand of scattershot (5)
 K - a wand of paralysis (9)
 T - a wand of polymorph (8)
Scrolls
 f - 4 scrolls of enchant weapon
 o - 6 scrolls of teleportation
 s - 2 scrolls of fear
 t - 4 scrolls of enchant armour
 G - 7 scrolls of remove curse
 N - a scroll of fog
Potions
 c - 4 potions of might
 e - 6 potions of flight
 i - 2 potions of berserk rage
 j - 4 potions of mutation
 l - 18 potions of curing
 r - 6 potions of stabbing
 u - 5 potions of brilliance
 v - 2 potions of resistance
 z - 2 potions of haste
 A - 4 potions of lignification
 B - 2 potions of cancellation
 D - 3 potions of ambrosia
 P - 2 potions of invisibility
Comestibles
 d - 53 rations
 k - 7 chunks of flesh


   Skills:
 + Level 13.1 Fighting
 + Level 10.3 Throwing
 - Level 2.4 Dodging
 + Level 5.2 Shields
 + Level 15.1 Unarmed Combat
 - Level 10.0 Invocations


You had 14 spell levels left.
You didn't know any spells.
Your spell library contained the following spells:

 Spells                   Type           Power        Failure   Level  Hunger
 Corona                   Hex            #......      77%         1    ##.....
 Ensorcelled Hibernation  Hex/Ice        #.....       88%         2    ###....
 Slow                     Hex            #.......     88%         2    ###....
 Confusing Touch          Hex            #.......     98%         3    ####...
 Dazzling Flash           Conj/Hex       #.....       98%         3    ####...
 Inner Flame              Hex/Fire       #.......     98%         3    ####...
 Portal Projectile        Hex/Tloc       #.....       98%         3    ####...
 Tukima's Dance           Hex            #.......     98%         3    ####...
 Cause Fear               Hex            #.........   100%        4    #####..
 Leda's Liquefaction      Hex/Erth       #.........   100%        4    #####..
 Bolt of Magma            Conj/Fire/Erth #.........   100%        5    ######.
 Iron Shot                Conj/Erth      #.........   100%        6    #######
 Statue Form              Tmut/Erth      #........    100%        6    #######
 Shatter                  Erth           #.........   100%        9    #######


Dungeon Overview and Level Annotations

Branches:
Dungeon (14/15)            Temple (1/1) D:7            Lair (6/6) D:8
  Swamp (0/4) Lair:4       Spider (0/4) Lair:2        Slime (0/5) Lair:6
    Orc (2/2) D:9             Elf (0/3) Orc:2        Vaults (0/5) D:13
  Sewer (visited)

Altars:
Ashenzari
Cheibriados
Dithmenos
Elyvilon
Fedhas
Gozag
Hepliaklqana
Kikubaaqudgha
Makhleb
Nemelex Xobeh
Okawaru
Qazlal
Ru
Sif Muna
Trog
Uskayaw
Vehumet
Wu Jian
Xom
Yredelemnul
Zin
The Shining One
Beogh
Jiyva

Shops:
D:12 *   Orc:2 (!}*

Annotations:
Lair:1 exclusion: 2 oklob plants


Innate Abilities, Weirdness & Mutations

You are too large for most types of armour.
You have claws for hands.
Your metabolism is lightning-fast.
You like to eat raw meat.
Your natural rate of healing is unusually fast.
You are covered in fur. (AC +1)
You have extremely tough skin. (AC +3)


Message History

This raw flesh tastes great.
HP restored.
There is a stone staircase leading down, spattered with blood here.
You climb downwards.
You block the ettin's attack.
The ettin hits you with a +0 dire flail!!!
There is a stone staircase leading up, spattered with blood here.
You mangle the ettin!!
The ettin is heavily wounded.
The ettin hits you with a +0 great mace!!!
The ettin hits you with a +0 dire flail!!!
* * * LOW HITPOINT WARNING * * *
You barely miss the ettin.
The ettin is heavily wounded.
You block the ettin's attack.
The ettin hits you with a +0 dire flail.
* * * LOW HITPOINT WARNING * * *
You mangle the ettin!!
The ettin is severely wounded.
The ettin hits you with a +0 great mace!!
You die...

... #.## #.# #.##..#
#.# #..#.#. #.#
########..##. #..
.........##..
####.#########.##..#
.............##..##
##..###.#..##..##.
#@)....#.((#..##..
#.C#......#..##..#
###.###.?##...#.(##
#.......T#...#:....
#.#.......#...#|##.
#...........?..#...
#[....###....%....#
+...... ....##...#
#..... ####.##.#


You could see an ettin.

Vanquished Creatures
  A stone giant (D:14)
  Snorg (D:11)
  The ghost of BlueFish the Carver, a journeyman MiFi of Yredelemnul (D:11)
  Josephine (Orc:2)
  An ettin (Orc:2)
  A fire dragon (Lair:6)
  Erolcha (D:11)
  Harold (D:7)
  7 hydras
  A centaur warrior (D:14)
  Erica (D:8)
  11 two-headed ogres
  3 ogre magi
  A deep troll earth mage (D:13)
  A fire crab (Lair:6)
  2 deep trolls
  An orc knight (D:9)
  A wolf spider (Lair:2)
  3 orc sorcerers
  An ugly thing (D:11)
  2 cyclopes (Orc:2)
  2 deep elf magi (D:13)
  4 elephants
  8 black mambas
  2 molten gargoyles (Lair:6)
  2 torpor snails
  7 spiny frogs
  A rime drake (Lair:2)
  An efreet (D:14)
  9 trolls
  10 komodo dragons
  A queen bee (Lair:6)
  Grinder (D:3)
  12 blink frogs
  3 meliai (Lair:6)
  A tyrant leech (Lair:4)
  6 hippogriffs
  Sigmund (D:3)
  A shadow (D:12)
  6 wyverns
  A spriggan (Lair:2)
  7 wraiths
  65 yaks
  2 basilisks (Lair:6)
  Menkaure (D:6)
  2 hungry ghosts
  A steam dragon (D:8)
  Edmund (D:5)
  9 vampire mosquitoes
  4 wargs
  11 water moccasins
  2 swamp worms (Lair:4)
  Duvessa (D:7)
  4 hell hounds (Lair:6)
  7 porcupines
  6 sky beasts
  A black bear (D:6)
  22 orc warriors
  5 ice beasts
  2 phantoms
  An eye of draining (D:13)
  30 ogres
  The ghost of SkeletonJelly2 the Skirmisher, an amateur DrMo (D:3)
  A necrophage (D:8)
  6 centaurs
  5 wolves (Lair:6)
  13 crocodiles
  4 big kobolds
  20 bullfrogs
  A gnoll sergeant (D:11)
  A wyvern skeleton (D:12)
  Dowan (D:7)
  A water moccasin zombie (D:10)
  2 scorpions
  37 killer bees
  3 electric eels
  13 wights
  10 howler monkeys
  5 lava snakes (Lair:6)
  5 crimson imps
  A quasit (D:7)
  2 centaur zombies
  4 centaur skeletons
  10 hounds
  A bullfrog zombie (D:10)
  25 orc priests
  Crazy Yiuf (D:3)
  6 jellies
  Ijyb (D:3)
  A bullfrog skeleton (D:11)
  4 iguanas
  21 orc wizards
  6 worker ants
  2 hound zombies (D:7)
  A howler monkey zombie (D:7)
  Robin (D:3)
  A worker ant zombie (D:9)
  15 gnolls
  15 adders
  5 river rats (Sewer)
  2 shadow imps
  An ooze (D:6)
  A worm (D:2)
  A dart slug (D:5)
  4 leopard geckos
  79 orcs
  9 bats
  10 giant cockroaches
  9 hobgoblins
  6 quokkas
  8 ball pythons
  6 frilled lizards
  16 goblins
  31 kobolds
  A quokka skeleton (D:7)
  A quokka zombie (D:6)
  29 rats
  A plant (D:1)
773 creatures vanquished.

Vanquished Creatures (others)
  4 centaurs
  An orc (Orc:1)
  A kobold (D:10)
  A quokka skeleton (D:8)
  8 fungi
  9 plants
24 creatures vanquished.

Grand Total: 797 creatures vanquished

Notes
Turn   | Place    | Note
-------+----------+-------------------------------------------
     0 | D:1      | Faca the Troll Fighter began the quest for the Orb.
     0 | D:1      | Reached XP level 1. HP: 22/22 MP: 0/0
   148 | D:1      | Reached XP level 2. HP: 29/29 MP: 1/1
   805 | D:2      | Reached XP level 3. HP: 37/37 MP: 2/2
   877 | D:2      | Reached skill level 3 in Unarmed Combat
  1137 | D:2      | Reached XP level 4. HP: 45/45 MP: 3/3
  1239 | D:2      | Found a faded altar of an unknown god.
  1522 | D:3      | Noticed Grinder
  1541 | D:3      | Paralysed by Grinder for 4 turns
  1550 | D:3      | Killed Grinder
  1550 | D:3      | Reached skill level 4 in Unarmed Combat
  1550 | D:3      | Reached XP level 5. HP: 18/55 MP: 4/4
  1550 | D:3      | Reached XP level 6. HP: 21/63 MP: 5/5
  1662 | D:3      | Noticed Sigmund
  1663 | D:3      | Noticed Robin
  1748 | D:3      | Killed Sigmund
  1748 | D:3      | Reached skill level 5 in Unarmed Combat
  1751 | D:3      | Killed Robin
  1868 | D:3      | Noticed Ijyb
  1877 | D:3      | Killed Ijyb
  1983 | D:3      | Reached skill level 5 in Fighting
  1992 | D:3      | Reached XP level 7. HP: 53/72 MP: 6/6
  2048 | D:3      | Found a runed translucent door.
  2048 | D:3      | Noticed SkeletonJelly2's ghost (amateur DrMo)
  2059 | D:3      | Killed SkeletonJelly2's ghost
  2588 | D:3      | Found a runed translucent door.
  2589 | D:3      | Noticed Crazy Yiuf
  2725 | D:3      | Reached skill level 6 in Unarmed Combat
  2895 | D:3      | Killed Crazy Yiuf
  3033 | D:4      | Got an iridescent mace
  3034 | D:4      | Identified the cursed +2 mace of Conflict {vorpal, Int+6}
                  | (You found it on level 4 of the Dungeon)
  3760 | D:4      | Reached XP level 8. HP: 83/83 MP: 7/7
  3780 | D:5      | Entered Level 5 of the Dungeon
  3836 | D:5      | Noticed Edmund
  3908 | D:5      | Killed Edmund
  3908 | D:5      | Reached skill level 7 in Unarmed Combat
  4938 | D:6      | Noticed Menkaure
  4940 | D:6      | Found a glowing drain.
  4947 | D:6      | Killed Menkaure
  4979 | Sewer    | Entered a sewer
  5081 | Sewer    | Reached skill level 8 in Unarmed Combat
  5716 | D:6      | Reached XP level 9. HP: 75/93 MP: 8/8
  5879 | D:6      | You fall into a shaft and drop 3 floors!
  6011 | D:8      | Reached skill level 9 in Unarmed Combat
  6260 | D:7      | Reached skill level 10 in Unarmed Combat
  6292 | D:7      | Reached XP level 10. HP: 57/107 MP: 9/9
  6319 | D:7      | Noticed Dowan
  6323 | D:7      | Killed Dowan
  6384 | D:7      | Noticed Duvessa
  6400 | D:7      | Killed Duvessa
  6709 | D:6      | Found a white marble altar of Elyvilon.
  6799 | D:6      | Found a shadowy altar of Dithmenos.
  6918 | D:7      | Found a staircase to the Ecumenical Temple.
  6931 | Temple   | Entered the Ecumenical Temple
  7033 | Temple   | Became a worshipper of Warmaster Okawaru
  7251 | D:7      | Noticed Harold
  7268 | D:7      | Killed Harold
  7268 | D:7      | Reached * piety under Okawaru
  7268 | D:7      | Reached skill level 11 in Unarmed Combat
  7525 | D:8      | Noticed Erica
  7535 | D:8      | Killed Erica
  7535 | D:8      | Reached ** piety under Okawaru
  7535 | D:8      | Reached skill level 1 in Throwing
  7535 | D:8      | Reached skill level 1 in Invocations
  7796 | D:8      | Reached skill level 10 in Fighting
  7933 | D:8      | Found a staircase to the Lair.
  8091 | D:9      | Reached XP level 11. HP: 117/117 MP: 11/11
  8267 | D:9      | Reached *** piety under Okawaru
  8729 | D:9      | Found a staircase to the Orcish Mines.
  8849 | D:10     | Entered Level 10 of the Dungeon
  9148 | D:9      | Reached **** piety under Okawaru
  9287 | D:10     | Reached skill level 12 in Unarmed Combat
  9517 | D:11     | Noticed a white ugly thing
  9531 | D:11     | Killed a white ugly thing
  9834 | D:11     | Noticed a two-headed ogre
  9842 | D:11     | Killed a two-headed ogre
  9842 | D:11     | Reached ***** piety under Okawaru
  9931 | D:11     | Noticed a two-headed ogre
  9942 | D:11     | Killed a two-headed ogre
  9942 | D:11     | Reached skill level 5 in Throwing
  9942 | D:11     | Reached skill level 5 in Invocations
 10078 | D:11     | Noticed Snorg
 10090 | D:11     | Killed Snorg
 10176 | D:11     | Reached XP level 12. HP: 106/128 MP: 14/14
 10363 | D:11     | Found a runed translucent gate.
 10363 | D:11     | Found a runed translucent gate.
 10374 | D:11     | Noticed Erolcha
 10423 | D:11     | Killed Erolcha
 10423 | D:11     | Received a gift from Okawaru
 10579 | D:11     | Found a runed translucent gate.
 10580 | D:11     | Noticed BlueFish's ghost (journeyman MiFi)
 10939 | D:11     | Got a fine bardiche {god gift}
 11007 | D:12     | Found Xuopeuf's Assorted Antiques.
 11455 | D:12     | Found a blossoming altar of Fedhas.
 11805 | Lair:1   | Entered Level 1 of the Lair of Beasts
 11911 | Lair:1   | Received a gift from Okawaru
 12120 | Lair:1   | Reached skill level 13 in Unarmed Combat
 13349 | Lair:2   | Received a gift from Okawaru
 13351 | Lair:2   | Reached ****** piety under Okawaru
 13436 | Lair:2   | Found a hole to the Spider Nest.
 13813 | Lair:2   | Reached XP level 13. HP: 137/137 MP: 17/17
 14063 | Lair:3   | Received a gift from Okawaru
 14442 | Lair:3   | Identified a scroll of acquirement
 14443 | Lair:3   | Found the -2 hat of the Alchemist {rElec rPois rF+ rC+ rN+
                  | MR+ rMut rCorr}
 15415 | Lair:4   | Found a staircase to the Swamp.
 17285 | Lair:6   | Entered Level 6 of the Lair of Beasts
 17525 | Lair:6   | Received a gift from Okawaru
 17699 | Lair:5   | Reached skill level 14 in Unarmed Combat
 17944 | Lair:6   | Found a viscous altar of Jiyva.
 17945 | Lair:6   | Found a staircase to the Slime Pits.
 17960 | Lair:6   | Received a gift from Okawaru
 18264 | Lair:6   | Received a gift from Okawaru
 18803 | Lair:6   | Reached XP level 14. HP: 135/150 MP: 19/19
 19311 | Lair:6   | Found a large runed translucent door.
 19315 | Lair:6   | Found a large runed translucent door.
 19436 | Lair:6   | Received a gift from Okawaru
 20019 | Orc:1    | Entered Level 1 of the Orcish Mines
 20019 | Orc:1    | Found a roughly hewn altar of Beogh.
 20588 | Orc:2    | Entered Level 2 of the Orcish Mines
 20595 | Orc:2    | Noticed Josephine
 20841 | Orc:2    | Found Payfalec's Gadget Boutique.
 21188 | Orc:2    | Killed Josephine
 21913 | Orc:2    | Found Baczyff's Assorted Antiques.
 21923 | Orc:2    | Found Puidwef's Weapon Emporium.
 22008 | Orc:2    | Received a gift from Okawaru
 22061 | Orc:2    | Found Zastroecs's Distillery.
 22162 | Orc:2    | Found a staircase to the Elven Halls.
 22540 | Orc:1    | Reached skill level 10 in Invocations
 22811 | Orc:2    | Bought a tower shield for 126 gold pieces
 22811 | Orc:2    | Bought a potion of heal wounds for 140 gold pieces
 22811 | Orc:2    | Bought a wand of digging (7) for 224 gold pieces
 22822 | Orc:2    | Bought a potion of curing for 42 gold pieces
 22822 | Orc:2    | Bought a potion of might for 56 gold pieces
 23006 | D:11     | Killed BlueFish's ghost
 23006 | D:11     | Reached skill level 10 in Throwing
 23445 | D:12     | Reached skill level 15 in Unarmed Combat
 23485 | D:13     | Received a gift from Okawaru
 23485 | D:13     | Reached XP level 15. HP: 144/159 MP: 21/21
 23634 | D:13     | Found a gate to the Vaults.
 23696 | D:13     | Reached skill level 5 in Shields
 24035 | D:14     | Received a gift from Okawaru
 24247 | D:14     | Slain by an ettin

Levels and vault maps discovered:
D:1:      psy_arrival_spokes, layout_rooms, serial_forest,
          infiniplex_forest_pool, infiniplex_forest_clump_cross,
          infiniplex_forest_clump_diagonal, infiniplex_forest_end_2,
          infiniplex_forest_lined_3, infiniplex_forest_split,
          infiniplex_forest_clump_large, infiniplex_forest_fountain
D:2:      layout_rooms, serial_corexii_hall, chequers_hall_statues_y,
          chequers_hall_statues_y, chequers_ecumenical_altar_grove,
          minmay_tetromino_i4
D:3:      layout_loops_corners, gammafunk_ghost_grave, hex_large,
          uniq_crazy_yiuf_cottage, uniq_robin, uniq_ijyb, uniq_grinder,
          uniq_sigmund
D:4:      layout_basic
D:5:      layout_basic, first_ration, uniq_edmund
D:6:      cheibrodos_helix_gallery, layout_basic, lemuel_round_altar,
          serial_rivers, chequers_serial_rivers_micro_b,
          chequers_serial_rivers_marsh, chequers_serial_rivers_marsh,
          chequers_serial_rivers_room_b, chequers_serial_rivers_room_b,
          chequers_serial_rivers_micro_c, gup_sewer_entry_glass,
          nicolae_dithmenos_through_a_glass_darkly, uniq_menkaure
D:7:      layout_rooms, minmay_temple_entry_grid, uniq_harold, uniq_duvessa
D:8:      lemuel_ice_spiral_2, layout_basic, erik_lair_dragon,
          blue_anna_alchemist [blue_anna_fruit_fields, blue_anna_fruit_fields],
          uniq_erica
D:9:      layout_loops_ring, david_orc_4
D:10:     layout_big_octagon
D:11:     layout_gridville, ebering_ghost_rock_garden, dk_vineyard_2,
          kennysheep_doodads, chequers_jeans, uniq_erolcha, uniq_snorg
D:12:     layout_irregular_city, serial_shops, shop,
          ebering_dispersal_statue_hall, fedhas_altar_1
D:13:     layout_roguey, david_vaults_2, billiards_dpeg
D:14:     layout_basic, minivault_19, minmay_diamond_spiral
Temple:   kilobyte_greek_temple
Lair:1:   layout_long_grid, minmay_lair_oklob_chamber
Lair:2:   layout_long_grid, spider_nest_entry_rubble,
          grunt_forest_large_clearing_hut, lemuel_fruit_fields
Lair:3:   layout_big_grid, lemuel_fruit_tree
Lair:4:   layout_regular_city, minmay_swamp_entry_worms,
          infiniplex_staircase_pool
Lair:5:   layout_misc_corridors
Lair:6:   cheibrodos_lair_end_hotspot, layout_hall_layers, slime_altar_1,
          special_room [special_room_bee], serial_bayou_lake_a
Orc:1:    layout_caves, mines2_david
Orc:2:    st_orc_open, layout_caves, special_room, uniq_josephine

Skill      XL: |  1  2  3  4  5  6  7  8  9 10 11 12 13 14 15 |
---------------+----------------------------------------------+-----
Fighting       | 3 4 5 6 7 9 10 11 12 13 | 13.1
Unarmed Combat | 3 4 5 6 8 10 11 12 13 14 15 | 15.1
Throwing       | 2 5 7 8 10 | 10.3
Invocations    | 2 5 7 8 10 | 10.0
Shields        | 4 5 |  5.2
Dodging        | |  2.4

Action                   |  1- 3 |  4- 6 |  7- 9 | 10-12 | 13-15 || total
-------------------------+-------+-------+-------+-------+-------++-------
Melee: Unarmed           |   115 |   104 |   336 |   816 |   929 ||  2300
       Mace              |       |       |   118 |       |       ||   118
Throw: Stone             |     4 |    11 |       |    12 |       ||    27
       Boomerang         |       |       |       |       |   110 ||   110
Invok: Heroism           |       |       |       |       |     7 ||     7
       Finesse           |       |       |       |       |     1 ||     1
Evoke: Wand              |       |       |     2 |       |       ||     2
  Use: Scroll            |     3 |     4 |    10 |    10 |     9 ||    36
       Potion            |       |       |     3 |       |     5 ||     8
 Stab: Held in net/web   |       |       |       |     1 |       ||     1
  Eat: Chunk             |    16 |     8 |    49 |    68 |   103 ||   244
Armor: Robe              |    33 |    45 |   167 |   170 |   118 ||   533
Dodge: Dodged            |    35 |    27 |   120 |   201 |   213 ||   596
Block: Kite shield       |    27 |    44 |   220 |   600 |   748 ||  1639
       Reflection        |       |       |       |    14 |    22 ||    36

Table legend:
 A = Non-vault XP
 B = Vault XP
 C = Vault XP percentage of total XP
 D = Non-vault monster count
 E = Vault monster count
 F = Vault count percentage of total count
                 A         B        C        D         E       F
            +---------+---------+-------+---------+---------+-------
      Total |   64746 |   46221 |  41.7 |     559 |     218 |  28.1
            +---------+---------+-------+---------+---------+-------
        D:1 |      26 |       0 |   0.0 |      19 |       0 |   0.0
        D:2 |      93 |       1 |   1.1 |      28 |       1 |   3.4
        D:3 |     129 |     747 |  85.3 |      24 |      16 |  40.0
        D:4 |     435 |       0 |   0.0 |      17 |       0 |   0.0
        D:5 |     309 |     171 |  35.6 |      19 |       1 |   5.0
        D:6 |     717 |     351 |  32.9 |      14 |       7 |  33.3
        D:7 |    2083 |    1195 |  36.5 |      28 |       3 |   9.7
        D:8 |    2327 |    2019 |  46.5 |      41 |       7 |  14.6
        D:9 |    3021 |     938 |  23.7 |      31 |      21 |  40.4
       D:10 |    2337 |       0 |   0.0 |      29 |       0 |   0.0
       D:11 |    6960 |    3352 |  32.5 |      51 |       3 |   5.6
       D:12 |    2663 |       0 |   0.0 |      30 |       0 |   0.0
       D:13 |    3456 |    4047 |  53.9 |      27 |       6 |  18.2
       D:14 |    2410 |    1409 |  36.9 |      10 |       1 |   9.1
     Lair:1 |    4600 |     305 |   6.2 |      22 |       2 |   8.3
     Lair:2 |    4235 |    1678 |  28.4 |      19 |       4 |  17.4
     Lair:3 |    4714 |       0 |   0.0 |      17 |       0 |   0.0
     Lair:4 |    4805 |     591 |  11.0 |      15 |       3 |  16.7
     Lair:5 |    3457 |       0 |   0.0 |      17 |       0 |   0.0
     Lair:6 |    9850 |   11391 |  53.6 |      38 |      51 |  57.3
      Orc:1 |    2201 |    2308 |  51.2 |      32 |       6 |  15.8
      Orc:2 |    3918 |   15466 |  79.8 |      31 |      38 |  55.1
      Sewer |       0 |     252 | 100.0 |       0 |      48 | 100.0
            +---------+---------+-------+---------+---------+-------
